[ AOE2 MATCH · #477459840 ]
UnrankedMongols vs Spanish
[ REPLAY ANALYSIS · EXTRACTED FROM THE RECORDED GAME ]
Feudal
10:06
Castle
14:26
Imperial
30:09
| APM avg | 41.9 |
| APM peak | 89 |
| eAPM avg | 29.0 |
| Villagers / military | 163 / 113 |
Focus
⚔️ 22.6% · 🌾 77.4%
Scorpion ×71 · Battering Ram ×23 · Mangonel ×12 · Trebuchet (Packed) ×5 · Monk ×2
Feudal
10:32
Castle
14:02
Imperial
26:51
| APM avg | 53.2 |
| APM peak | 78 |
| eAPM avg | 28.8 |
| Villagers / military | 151 / 271 |
Focus
⚔️ 49.3% · 🌾 50.7%
Scout Cavalry ×169 · Hand Cannoneer ×83 · Trebuchet (Packed) ×14 · Monk ×3 · Mangonel ×2
Feudal
10:56
Castle
14:26
Imperial
35:54
| APM avg | 48.5 |
| APM peak | 132 |
| eAPM avg | 20.1 |
| Villagers / military | 197 / 188 |
Focus
⚔️ 37.9% · 🌾 62.1%
Skirmisher ×130 · Conquistador ×55 · Knight ×1 · Missionary ×1 · Bombard Cannon ×1
Feudal
11:22
Castle
15:08
Imperial
29:35
| APM avg | 42.6 |
| APM peak | 89 |
| eAPM avg | 25.3 |
| Villagers / military | 215 / 144 |
Focus
⚔️ 37.9% · 🌾 62.1%
Ratha (Ranged) ×140 · Trebuchet (Packed) ×3 · Monk ×1
Feudal
10:57
Castle
14:27
Imperial
38:39
| APM avg | 58.4 |
| APM peak | 109 |
| eAPM avg | 32.8 |
| Villagers / military | 188 / 241 |
Focus
⚔️ 32.8% · 🌾 67.2%
Spearman ×186 · Archer ×43 · Unknown (1911) ×9 · Steppe Lancer ×5 · Fire Lancer ×3 · Iron Pagoda ×3
Feudal
11:49
Castle
14:30
Imperial
28:08
| APM avg | 32.1 |
| APM peak | 70 |
| eAPM avg | 25.1 |
| Villagers / military | 174 / 365 |
Focus
⚔️ 42.6% · 🌾 57.4%
Spearman ×172 · Battle Elephant ×147 · Scout Cavalry ×46
Feudal
10:00
Castle
13:16
Imperial
27:34
| APM avg | 43.2 |
| APM peak | 117 |
| eAPM avg | 22.5 |
| Villagers / military | 158 / 332 |
Focus
⚔️ 24.9% · 🌾 75.1%
Knight ×152 · Scout Cavalry ×118 · Camel Scout ×56 · Trebuchet (Packed) ×6
Feudal
10:31
Castle
14:26
Imperial
33:58
| APM avg | 24.4 |
| APM peak | 75 |
| eAPM avg | 16.3 |
| Villagers / military | 147 / 253 |
Focus
⚔️ 26.4% · 🌾 73.6%
Scout Cavalry ×121 · War Wagon ×73 · Fire Lancer ×42 · Battering Ram ×12 · Iron Pagoda ×3 · Monk ×2
Match map
Initial resources + every placement click. Lines = walls · curves = elevation contours. ◆ gold · ⬟ stone · ● berries · ✦ relic · ◌ wall gap
Your base· ✓ Closed at 14:26 · 0t walls · 2 gate(s)
店小贰's base· ✓ Closed at 14:02 · 0t walls · 2 gate(s)
Wuyen's base· ✓ Closed at 14:26 · 0t walls · 2 gate(s)
快樂987's base· ✓ Closed at 15:08 · 0t walls · 3 gate(s)
寡言悲观戏谑's base· ✓ Closed at 14:27 · 0t walls · 3 gate(s)
快樂 543's base· ✓ Closed at 14:30 · 0t walls · 2 gate(s)
叶落's base· ✓ Closed at 13:16 · 0t walls · 3 gate(s)
Itgetsdarker's base· ✓ Closed at 14:26 · 0t walls · 3 gate(s)
Smoothed initial terrain · ◌ = detected wall gap · hover for details
Inputs per minute
— Rookie - - 店小贰
Build order — Rookie
First 150 of 427 actions detected
| 0:01 | Queue | Villager (Male) |
| 0:01 | Queue | Villager (Male) |
| 0:01 | Queue | Villager (Male) |
| 0:03 | Build | House |
| 0:04 | Build | House |
| 0:53 | Queue | Villager (Male) |
| 1:27 | Queue | Villager (Male) |
| 1:27 | Queue | Villager (Male) |
| 1:27 | Queue | Villager (Male) |
| 1:50 | Queue | Villager (Male) |
| 1:50 | Queue | Villager (Male) |
| 1:52 | Build | Lumber Camp |
| 2:25 | Queue | Villager (Male) |
| 2:25 | Queue | Villager (Male) |
| 2:48 | Queue | Villager (Male) |
| 2:48 | Queue | Villager (Male) |
| 2:48 | Queue | Villager (Male) |
| 3:12 | Queue | Villager (Male) |
| 3:12 | Queue | Villager (Male) |
| 3:13 | Queue | Villager (Male) |
| 3:13 | Queue | Villager (Male) |
| 3:25 | Build | House |
| 3:25 | Build | House |
| 3:37 | Queue | Villager (Male) |
| 3:37 | Queue | Villager (Male) |
| 3:37 | Queue | Villager (Male) |
| 4:01 | Queue | Villager (Male) |
| 4:01 | Queue | Villager (Male) |
| 4:01 | Queue | Villager (Male) |
| 4:38 | Build | House |
| 4:46 | Queue | Villager (Male) |
| 4:46 | Queue | Villager (Male) |
| 5:03 | Queue | Villager (Male) |
| 5:03 | Queue | Villager (Male) |
| 5:03 | Queue | Villager (Male) |
| 5:18 | Queue | Villager (Male) |
| 5:18 | Queue | Villager (Male) |
| 5:46 | Queue | Villager (Male) |
| 5:46 | Queue | Villager (Male) |
| 6:11 | Build | Mill |
| 6:29 | Build | Mining Camp |
| 7:03 | Build | Farm |
| 7:05 | Build | Farm |
| 7:19 | Queue | Villager (Male) |
| 7:20 | Research | Feudal Age |
| 7:58 | Build | Farm |
| 8:49 | Queue | Villager (Male) |
| 8:49 | Queue | Villager (Male) |
| 8:52 | Queue | Villager (Male) |
| 8:52 | Queue | Villager (Male) |
| 8:59 | Research | Loom |
| 9:00 | Queue | Villager (Male) |
| 9:00 | Queue | Villager (Male) |
| 9:04 | Queue | Villager (Male) |
| 10:06 | Age | Feudal Age |
| 10:13 | Build | Market |
| 10:21 | Build | Blacksmith |
| 11:08 | Research | Loom |
| 11:17 | Research | Castle Age |
| 11:40 | Research | Double-Bit Axe |
| 12:01 | Research | Horse Collar |
| 12:13 | Build | Farm |
| 12:32 | Build | House |
| 12:33 | Build | House |
| 13:09 | Research | Town Watch |
| 14:26 | Age | Castle Age |
| 14:36 | Build | Town Center |
| 14:43 | Research | Bow Saw |
| 14:43 | Research | Heavy Plow |
| 14:45 | Queue | Villager (Male) |
| 14:45 | Queue | Villager (Male) |
| 15:17 | Build | Outpost |
| 15:20 | Queue | Villager (Male) |
| 15:53 | Research | Wheelbarrow |
| 16:06 | Build | Farm |
| 16:09 | Build | Farm |
| 16:16 | Build | Town Center |
| 16:28 | Build | Farm |
| 16:39 | Queue | Villager (Male) |
| 16:39 | Queue | Villager (Male) |
| 16:48 | Build | Farm |
| 16:51 | Queue | Villager (Male) |
| 17:03 | Build | Farm |
| 17:04 | Build | Farm |
| 17:05 | Queue | Villager (Male) |
| 17:08 | Queue | Villager (Male) |
| 17:08 | Queue | Villager (Male) |
| 17:26 | Build | Outpost |
| 17:34 | Queue | Villager (Male) |
| 17:34 | Queue | Villager (Male) |
| 17:47 | Queue | Villager (Male) |
| 17:49 | Build | Farm |
| 17:50 | Build | Farm |
| 18:00 | Queue | Villager (Male) |
| 18:00 | Queue | Villager (Male) |
| 18:06 | Build | Farm |
| 18:06 | Build | Farm |
| 18:19 | Queue | Villager (Male) |
| 18:19 | Queue | Villager (Male) |
| 18:28 | Build | Farm |
| 18:28 | Build | Farm |
| 18:33 | Queue | Villager (Male) |
| 18:42 | Build | Farm |
| 18:50 | Build | Farm |
| 18:52 | Queue | Villager (Male) |
| 18:56 | Queue | Villager (Male) |
| 18:56 | Queue | Villager (Male) |
| 18:58 | Queue | Villager (Male) |
| 19:10 | Build | Mining Camp |
| 19:12 | Queue | Villager (Male) |
| 19:23 | Build | Farm |
| 19:23 | Build | Farm |
| 19:25 | Build | Farm |
| 19:28 | Queue | Villager (Male) |
| 19:30 | Build | Farm |
| 19:33 | Queue | Villager (Male) |
| 19:34 | Queue | Villager (Male) |
| 19:42 | Build | Lumber Camp |
| 19:45 | Queue | Villager (Male) |
| 19:45 | Queue | Villager (Male) |
| 19:45 | Queue | Villager (Male) |
| 19:52 | Queue | Villager (Male) |
| 20:08 | Build | House |
| 20:09 | Build | House |
| 20:14 | Queue | Villager (Male) |
| 20:15 | Queue | Villager (Male) |
| 20:15 | Queue | Villager (Male) |
| 20:26 | Build | Farm |
| 20:27 | Build | Farm |
| 20:32 | Build | Farm |
| 20:32 | Build | Farm |
| 20:36 | Build | Farm |
| 20:37 | Queue | Villager (Male) |
| 20:37 | Queue | Villager (Male) |
| 20:40 | Queue | Villager (Male) |
| 20:40 | Queue | Villager (Male) |
| 20:48 | Build | House |
| 20:49 | Build | House |
| 20:50 | Build | House |
| 20:51 | Queue | Villager (Male) |
| 20:51 | Queue | Villager (Male) |
| 20:54 | Queue | Villager (Male) |
| 20:58 | Queue | Villager (Male) |
| 20:58 | Queue | Villager (Male) |
| 21:01 | Queue | Villager (Male) |
| 21:01 | Queue | Villager (Male) |
| 21:13 | Build | Town Center |
| 21:26 | Queue | Villager (Male) |
| 21:26 | Queue | Villager (Male) |
| 21:30 | Queue | Villager (Male) |
Build order — 店小贰
First 150 of 647 actions detected
| 0:02 | Queue | Villager (Male) |
| 0:02 | Queue | Villager (Male) |
| 0:02 | Queue | Villager (Male) |
| 0:02 | Queue | Villager (Male) |
| 0:03 | Queue | Villager (Male) |
| 0:04 | Build | House |
| 0:05 | Build | House |
| 1:05 | Queue | Villager (Male) |
| 1:06 | Queue | Villager (Male) |
| 1:35 | Queue | Villager (Male) |
| 1:36 | Queue | Villager (Male) |
| 2:20 | Build | Lumber Camp |
| 2:28 | Queue | Villager (Male) |
| 2:28 | Queue | Villager (Male) |
| 2:46 | Queue | Villager (Male) |
| 2:46 | Queue | Villager (Male) |
| 3:07 | Queue | Villager (Male) |
| 3:07 | Queue | Villager (Male) |
| 3:26 | Build | House |
| 3:35 | Queue | Villager (Male) |
| 3:36 | Queue | Villager (Male) |
| 3:48 | Build | House |
| 4:13 | Queue | Villager (Male) |
| 4:13 | Queue | Villager (Male) |
| 4:53 | Build | Mill |
| 4:59 | Queue | Villager (Male) |
| 4:59 | Queue | Villager (Male) |
| 5:18 | Queue | Villager (Male) |
| 5:19 | Queue | Villager (Male) |
| 5:51 | Queue | Villager (Male) |
| 6:36 | Queue | Villager (Male) |
| 7:02 | Queue | Villager (Male) |
| 7:02 | Queue | Villager (Male) |
| 7:14 | Build | House |
| 7:16 | Build | House |
| 7:29 | Queue | Villager (Male) |
| 7:40 | Build | Mining Camp |
| 8:14 | Research | Feudal Age |
| 9:27 | Queue | Villager (Male) |
| 10:32 | Age | Feudal Age |
| 10:33 | Build | Market |
| 10:35 | Build | Blacksmith |
| 10:50 | Research | Double-Bit Axe |
| 10:53 | Queue | Villager (Male) |
| 11:22 | Research | Castle Age |
| 11:22 | Research | Castle Age |
| 11:51 | Research | Horse Collar |
| 12:24 | Queue | Villager (Male) |
| 12:26 | Build | Farm |
| 12:36 | Build | Farm |
| 12:41 | Build | Farm |
| 13:36 | Build | House |
| 14:02 | Age | Castle Age |
| 14:04 | Build | Town Center |
| 14:05 | Research | Bow Saw |
| 14:08 | Queue | Villager (Male) |
| 14:10 | Build | Monastery |
| 14:32 | Build | Farm |
| 14:36 | Build | House |
| 14:41 | Build | Town Center |
| 14:50 | Queue | Villager (Male) |
| 14:52 | Build | Farm |
| 14:57 | Build | Farm |
| 14:59 | Queue | Villager (Male) |
| 15:01 | Queue | Monk |
| 15:06 | Queue | Villager (Male) |
| 15:08 | Build | Farm |
| 15:16 | Build | Farm |
| 15:19 | Queue | Villager (Male) |
| 15:22 | Build | House |
| 15:34 | Build | Farm |
| 15:40 | Queue | Villager (Male) |
| 15:40 | Queue | Villager (Male) |
| 15:51 | Build | Farm |
| 16:09 | Build | Farm |
| 16:18 | Build | Farm |
| 16:20 | Queue | Villager (Male) |
| 16:20 | Queue | Villager (Male) |
| 16:21 | Queue | Villager (Male) |
| 16:24 | Queue | Villager (Male) |
| 16:25 | Queue | Villager (Male) |
| 16:25 | Queue | Villager (Male) |
| 16:31 | Queue | Villager (Male) |
| 16:31 | Queue | Villager (Male) |
| 16:39 | Build | Farm |
| 16:45 | Queue | Villager (Male) |
| 16:45 | Queue | Villager (Male) |
| 16:47 | Build | Farm |
| 16:55 | Build | Farm |
| 16:57 | Queue | Villager (Male) |
| 16:57 | Queue | Villager (Male) |
| 17:03 | Build | Farm |
| 17:07 | Queue | Villager (Male) |
| 17:07 | Queue | Villager (Male) |
| 17:14 | Queue | Villager (Male) |
| 17:14 | Queue | Villager (Male) |
| 17:18 | Build | Farm |
| 17:21 | Build | Farm |
| 17:24 | Queue | Villager (Male) |
| 17:29 | Build | Farm |
| 17:34 | Build | Farm |
| 17:36 | Build | Farm |
| 17:37 | Queue | Villager (Male) |
| 17:37 | Queue | Villager (Male) |
| 17:37 | Queue | Villager (Male) |
| 17:41 | Queue | Villager (Male) |
| 17:51 | Queue | Villager (Male) |
| 17:51 | Queue | Villager (Male) |
| 18:04 | Queue | Villager (Male) |
| 18:05 | Queue | Villager (Male) |
| 18:12 | Build | Town Center |
| 18:13 | Queue | Villager (Male) |
| 18:13 | Queue | Villager (Male) |
| 18:15 | Build | Farm |
| 18:19 | Build | House |
| 18:20 | Build | House |
| 18:23 | Queue | Villager (Male) |
| 18:23 | Queue | Villager (Male) |
| 18:26 | Build | Farm |
| 18:29 | Queue | Villager (Male) |
| 18:30 | Queue | Villager (Male) |
| 18:37 | Research | Wheelbarrow |
| 18:37 | Research | Wheelbarrow |
| 18:42 | Build | Farm |
| 18:44 | Queue | Villager (Male) |
| 18:44 | Queue | Villager (Male) |
| 18:46 | Build | Farm |
| 18:59 | Queue | Villager (Male) |
| 18:59 | Queue | Villager (Male) |
| 19:01 | Build | Farm |
| 19:04 | Build | Farm |
| 19:05 | Queue | Villager (Male) |
| 19:05 | Queue | Villager (Male) |
| 19:06 | Queue | Villager (Male) |
| 19:09 | Build | House |
| 19:12 | Build | House |
| 19:15 | Queue | Villager (Male) |
| 19:15 | Queue | Villager (Male) |
| 19:15 | Queue | Villager (Male) |
| 19:16 | Queue | Villager (Male) |
| 19:27 | Build | Farm |
| 19:30 | Queue | Villager (Male) |
| 19:34 | Build | Farm |
| 19:38 | Queue | Villager (Male) |
| 19:38 | Queue | Villager (Male) |
| 19:45 | Queue | Villager (Male) |
| 19:45 | Queue | Villager (Male) |
| 19:45 | Queue | Villager (Male) |
| 19:45 | Queue | Villager (Male) |
| 19:50 | Build | Farm |
Build order — Wuyen
First 150 of 411 actions detected
| 0:01 | Queue | Villager (Male) |
| 0:01 | Queue | Villager (Male) |
| 0:03 | Build | House |
| 0:04 | Build | House |
| 0:18 | Queue | Villager (Male) ×2 |
| 1:26 | Queue | Villager (Male) |
| 2:00 | Queue | Villager (Male) |
| 2:00 | Queue | Villager (Male) |
| 2:11 | Build | Lumber Camp |
| 2:23 | Queue | Villager (Male) |
| 2:46 | Queue | Villager (Male) |
| 2:47 | Queue | Villager (Male) |
| 2:47 | Queue | Villager (Male) |
| 3:03 | Build | House |
| 3:05 | Build | House |
| 3:43 | Queue | Villager (Male) |
| 3:43 | Queue | Villager (Male) |
| 4:27 | Queue | Villager (Male) |
| 4:27 | Queue | Villager (Male) |
| 4:39 | Build | Mill |
| 4:51 | Queue | Villager (Male) |
| 4:51 | Queue | Villager (Male) |
| 5:27 | Queue | Villager (Male) |
| 5:28 | Queue | Villager (Male) |
| 5:49 | Queue | Villager (Male) |
| 5:50 | Queue | Villager (Male) |
| 6:01 | Build | Farm |
| 6:53 | Queue | Villager (Male) |
| 6:54 | Queue | Villager (Male) |
| 6:54 | Queue | Villager (Male) |
| 7:12 | Build | Mining Camp |
| 7:59 | Build | Mining Camp |
| 8:19 | Research | Feudal Age |
| 9:20 | Queue | Villager (Male) |
| 9:20 | Queue | Villager (Male) |
| 9:25 | Build | House |
| 10:56 | Age | Feudal Age |
| 10:58 | Build | Market |
| 11:03 | Build | Blacksmith |
| 11:42 | Research | Castle Age |
| 12:03 | Research | Horse Collar |
| 12:26 | Research | Double-Bit Axe |
| 13:02 | Build | Farm |
| 13:04 | Build | Farm |
| 13:07 | Build | Farm |
| 13:31 | Queue | Villager (Male) |
| 13:35 | Build | Farm |
| 14:26 | Age | Castle Age |
| 14:37 | Build | Castle |
| 14:49 | Queue | Villager (Male) |
| 14:50 | Research | Bow Saw |
| 14:54 | Build | Farm |
| 14:56 | Build | Farm |
| 15:02 | Build | House |
| 15:15 | Queue | Villager (Male) |
| 15:26 | Queue | Villager (Male) |
| 15:35 | Build | Farm |
| 15:37 | Build | Farm |
| 15:47 | Queue | Villager (Male) |
| 15:53 | Queue | Conquistador |
| 16:08 | Queue | Villager (Male) |
| 16:11 | Build | Farm |
| 16:14 | Queue | Conquistador |
| 16:23 | Build | Farm |
| 16:25 | Build | Farm |
| 16:34 | Build | Farm |
| 16:35 | Queue | Conquistador |
| 16:37 | Queue | Villager (Male) |
| 16:43 | Build | Farm |
| 16:44 | Build | Farm |
| 16:54 | Build | Farm |
| 17:02 | Queue | Villager (Male) |
| 17:08 | Build | Farm |
| 17:11 | Build | Farm |
| 17:14 | Queue | Conquistador |
| 17:36 | Queue | Conquistador |
| 17:37 | Queue | Villager (Male) |
| 17:49 | Build | Farm |
| 17:51 | Build | Farm |
| 17:55 | Build | Farm |
| 18:10 | Queue | Villager (Male) |
| 18:12 | Queue | Conquistador |
| 18:18 | Queue | Villager (Male) |
| 18:28 | Build | Farm |
| 18:35 | Queue | Villager (Male) |
| 18:36 | Queue | Conquistador |
| 18:46 | Build | Siege Workshop |
| 18:52 | Research | Padded Archer Armor |
| 18:55 | Queue | Villager (Male) |
| 19:13 | Queue | Villager (Male) |
| 19:20 | Queue | Conquistador |
| 19:25 | Build | Town Center |
| 19:31 | Queue | Villager (Male) |
| 19:37 | Build | Farm |
| 19:40 | Build | Farm |
| 19:43 | Build | Farm |
| 19:58 | Queue | Villager (Male) |
| 19:59 | Queue | Conquistador |
| 19:59 | Queue | Conquistador |
| 20:06 | Research | Leather Archer Armor |
| 20:16 | Queue | Villager (Male) |
| 20:27 | Build | Farm |
| 20:30 | Build | Farm |
| 20:41 | Queue | Conquistador |
| 20:56 | Queue | Villager (Male) |
| 20:58 | Queue | Conquistador |
| 21:06 | Build | Barracks |
| 21:13 | Queue | Villager (Male) |
| 21:14 | Queue | Conquistador |
| 21:15 | Queue | Villager (Male) |
| 21:18 | Queue | Villager (Male) |
| 21:29 | Queue | Villager (Male) |
| 21:46 | Build | House |
| 21:53 | Build | House |
| 21:55 | Build | House |
| 21:56 | Queue | Villager (Male) |
| 21:57 | Queue | Conquistador |
| 22:13 | Queue | Villager (Male) |
| 22:24 | Research | Heavy Plow |
| 22:30 | Build | Farm |
| 22:39 | Queue | Villager (Male) |
| 22:43 | Build | House |
| 22:50 | Queue | Villager (Male) |
| 22:51 | Queue | Conquistador |
| 22:52 | Queue | Conquistador |
| 22:53 | Queue | Villager (Male) |
| 23:05 | Build | Farm |
| 23:08 | Queue | Villager (Male) |
| 23:15 | Queue | Villager (Male) |
| 23:25 | Queue | Villager (Male) |
| 23:26 | Queue | Conquistador |
| 23:33 | Build | Stable |
| 23:48 | Queue | Villager (Male) |
| 23:48 | Queue | Villager (Male) |
| 23:49 | Queue | Villager (Male) |
| 23:59 | Queue | Conquistador |
| 24:00 | Queue | Villager (Male) |
| 24:03 | Build | Farm |
| 24:07 | Build | Farm |
| 24:09 | Build | Farm |
| 24:14 | Build | Farm |
| 24:16 | Queue | Villager (Male) |
| 24:21 | Research | Wheelbarrow |
| 24:25 | Build | House |
| 24:27 | Build | House |
| 24:37 | Queue | Conquistador |
| 24:46 | Build | House |
| 24:48 | Research | Bloodlines |
| 25:08 | Queue | Villager (Male) |
| 25:08 | Queue | Villager (Male) |
Build order — 快樂987
First 150 of 569 actions detected
| 0:02 | Queue | Villager (Male) |
| 0:02 | Queue | Villager (Male) |
| 0:02 | Queue | Villager (Male) |
| 0:02 | Queue | Villager (Male) |
| 0:03 | Queue | Villager (Male) |
| 0:04 | Build | House |
| 0:06 | Build | House |
| 1:21 | Queue | Villager (Male) |
| 1:48 | Build | Lumber Camp |
| 1:57 | Queue | Villager (Male) |
| 1:57 | Queue | Villager (Male) |
| 2:08 | Queue | Villager (Male) |
| 2:09 | Queue | Villager (Male) |
| 2:50 | Queue | Villager (Male) |
| 2:50 | Queue | Villager (Male) |
| 3:05 | Queue | Villager (Male) |
| 3:47 | Queue | Villager (Male) |
| 3:47 | Queue | Villager (Male) |
| 3:48 | Queue | Villager (Male) |
| 3:56 | Build | House |
| 4:11 | Queue | Villager (Male) |
| 4:12 | Queue | Villager (Male) |
| 4:14 | Build | House |
| 4:35 | Queue | Villager (Male) |
| 4:39 | Build | House |
| 4:46 | Build | Mill |
| 4:52 | Queue | Villager (Male) |
| 5:07 | Queue | Villager (Male) |
| 5:08 | Queue | Villager (Male) |
| 5:10 | Queue | Villager (Male) |
| 5:50 | Queue | Villager (Male) |
| 5:50 | Queue | Villager (Male) |
| 6:04 | Queue | Villager (Male) |
| 6:17 | Queue | Villager (Male) |
| 6:27 | Queue | Villager (Male) |
| 6:34 | Build | Mining Camp |
| 6:40 | Queue | Villager (Male) |
| 6:44 | Queue | Villager (Male) |
| 7:12 | Build | Mining Camp |
| 8:14 | Build | Farm |
| 8:19 | Build | Farm |
| 8:53 | Build | House |
| 8:56 | Research | Feudal Age |
| 8:56 | Research | Feudal Age |
| 10:32 | Queue | Villager (Male) |
| 10:32 | Queue | Villager (Male) |
| 11:22 | Age | Feudal Age |
| 11:25 | Build | Blacksmith |
| 11:28 | Build | Market |
| 12:13 | Build | Lumber Camp |
| 12:28 | Research | Castle Age |
| 12:28 | Research | Castle Age |
| 12:49 | Research | Double-Bit Axe |
| 13:18 | Research | Horse Collar |
| 13:45 | Build | House |
| 14:09 | Build | House |
| 14:16 | Queue | Villager (Male) |
| 14:45 | Build | House |
| 15:08 | Age | Castle Age |
| 15:18 | Build | Town Center |
| 15:20 | Queue | Villager (Male) |
| 15:23 | Build | Town Center |
| 15:27 | Queue | Villager (Male) |
| 15:34 | Build | House |
| 15:35 | Queue | Villager (Male) |
| 15:43 | Build | Farm |
| 15:53 | Research | Bow Saw |
| 16:06 | Build | House |
| 16:07 | Build | House |
| 16:15 | Build | Farm |
| 16:18 | Build | Farm |
| 16:27 | Queue | Villager (Male) |
| 16:27 | Queue | Villager (Male) |
| 16:28 | Queue | Villager (Male) |
| 16:41 | Queue | Villager (Male) |
| 16:44 | Build | Farm |
| 16:54 | Build | Farm |
| 17:07 | Queue | Villager (Male) |
| 17:07 | Queue | Villager (Male) |
| 17:11 | Build | House |
| 17:20 | Build | Gate |
| 17:30 | Build | Farm |
| 17:31 | Build | Farm |
| 17:32 | Queue | Villager (Male) |
| 17:34 | Build | Farm |
| 17:37 | Build | Farm |
| 17:38 | Build | Farm |
| 17:39 | Build | Farm |
| 18:00 | Build | Farm |
| 18:01 | Queue | Villager (Male) |
| 18:05 | Build | Farm |
| 18:12 | Queue | Villager (Male) |
| 18:12 | Queue | Villager (Male) |
| 18:14 | Build | Farm |
| 18:15 | Queue | Villager (Male) |
| 18:17 | Build | Farm |
| 18:19 | Build | Farm |
| 18:24 | Build | Farm |
| 18:29 | Build | Farm |
| 18:31 | Build | Farm |
| 18:32 | Queue | Villager (Male) |
| 18:32 | Queue | Villager (Male) |
| 18:41 | Build | Farm |
| 18:44 | Build | Farm |
| 18:45 | Queue | Villager (Male) |
| 18:45 | Queue | Villager (Male) |
| 18:56 | Queue | Villager (Male) |
| 18:56 | Queue | Villager (Male) |
| 19:02 | Build | Farm |
| 19:04 | Queue | Villager (Male) |
| 19:04 | Queue | Villager (Male) |
| 19:13 | Build | Castle |
| 19:16 | Queue | Villager (Male) |
| 19:16 | Queue | Villager (Male) |
| 19:24 | Queue | Villager (Male) |
| 19:29 | Queue | Villager (Male) |
| 19:35 | Build | Farm |
| 19:36 | Queue | Villager (Male) |
| 19:36 | Queue | Villager (Male) |
| 19:41 | Build | House |
| 19:43 | Queue | Villager (Male) |
| 19:43 | Queue | Villager (Male) |
| 19:59 | Build | Town Center |
| 20:02 | Queue | Villager (Male) |
| 20:05 | Queue | Villager (Male) |
| 20:05 | Queue | Villager (Male) |
| 20:12 | Build | House |
| 20:13 | Build | House |
| 20:14 | Queue | Villager (Male) |
| 20:14 | Queue | Villager (Male) |
| 20:21 | Queue | Villager (Male) |
| 20:22 | Queue | Villager (Male) |
| 20:32 | Queue | Villager (Male) |
| 20:34 | Build | Monastery |
| 20:38 | Build | House |
| 20:39 | Queue | Villager (Male) |
| 20:39 | Queue | Villager (Male) |
| 20:45 | Queue | Villager (Male) |
| 20:45 | Queue | Villager (Male) |
| 20:59 | Research | Wheelbarrow |
| 20:59 | Research | Wheelbarrow |
| 21:05 | Queue | Villager (Male) |
| 21:05 | Queue | Villager (Male) |
| 21:17 | Queue | Villager (Male) |
| 21:17 | Queue | Villager (Male) |
| 21:28 | Queue | Monk |
| 21:34 | Queue | Villager (Male) |
| 21:34 | Queue | Villager (Male) |
| 21:35 | Queue | Villager (Male) |
| 21:38 | Build | Farm |
Build order — 寡言悲观戏谑
First 150 of 594 actions detected
| 0:02 | Queue | Villager (Male) |
| 0:02 | Queue | Villager (Male) |
| 0:02 | Queue | Villager (Male) |
| 0:02 | Queue | Villager (Male) |
| 0:04 | Build | House |
| 0:05 | Build | House |
| 1:27 | Queue | Villager (Male) |
| 1:50 | Queue | Villager (Male) |
| 2:06 | Queue | Villager (Male) |
| 2:24 | Build | Lumber Camp |
| 2:32 | Queue | Villager (Male) |
| 3:03 | Queue | Villager (Male) |
| 3:16 | Queue | Villager (Male) |
| 3:48 | Queue | Villager (Male) |
| 3:56 | Build | House |
| 3:56 | Build | House |
| 4:19 | Queue | Villager (Male) |
| 4:46 | Build | Mill |
| 4:57 | Queue | Villager (Male) |
| 5:18 | Queue | Villager (Male) |
| 5:34 | Queue | Villager (Male) |
| 5:46 | Queue | Villager (Male) |
| 5:52 | Queue | Villager (Male) |
| 7:07 | Queue | Villager (Male) |
| 7:07 | Queue | Villager (Male) |
| 7:35 | Queue | Villager (Male) |
| 7:36 | Queue | Villager (Male) |
| 8:05 | Build | Mining Camp |
| 8:26 | Research | Feudal Age |
| 8:26 | Research | Feudal Age |
| 10:00 | Queue | Villager (Male) |
| 10:01 | Queue | Villager (Male) |
| 10:07 | Build | Barracks |
| 10:20 | Build | House |
| 10:29 | Build | Farm |
| 10:57 | Age | Feudal Age |
| 11:01 | Build | Blacksmith |
| 11:03 | Build | Archery Range |
| 11:05 | Research | Double-Bit Axe |
| 11:05 | Research | Double-Bit Axe |
| 11:05 | Research | Double-Bit Axe |
| 11:27 | Build | House |
| 11:45 | Research | Castle Age |
| 11:46 | Research | Castle Age |
| 11:56 | Build | Farm |
| 11:57 | Build | Farm |
| 12:06 | Queue | Archer |
| 12:06 | Queue | Archer |
| 12:07 | Queue | Archer |
| 12:41 | Research | Horse Collar |
| 12:43 | Queue | Archer |
| 12:43 | Queue | Archer |
| 12:56 | Queue | Archer |
| 13:03 | Build | Farm |
| 13:33 | Queue | Archer |
| 13:49 | Build | Farm |
| 14:06 | Queue | Villager (Male) |
| 14:07 | Queue | Villager (Male) |
| 14:25 | Queue | Villager (Male) |
| 14:27 | Age | Castle Age |
| 14:39 | Build | Town Center |
| 14:42 | Build | Town Center |
| 14:55 | Queue | Villager (Male) |
| 15:07 | Build | Archery Range |
| 15:08 | Research | Crossbowman (upgrade) |
| 15:34 | Research | Fletching |
| 15:47 | Build | House |
| 15:52 | Build | Palisade Wall |
| 15:58 | Queue | Archer |
| 16:00 | Queue | Villager (Male) |
| 16:05 | Build | Farm |
| 16:07 | Build | Farm |
| 16:10 | Build | Farm |
| 16:11 | Queue | Villager (Male) |
| 16:12 | Build | Farm |
| 16:20 | Build | House |
| 16:22 | Queue | Archer |
| 16:23 | Queue | Archer |
| 16:35 | Queue | Villager (Male) |
| 16:35 | Queue | Villager (Male) |
| 16:43 | Queue | Archer |
| 16:56 | Queue | Archer |
| 16:59 | Queue | Villager (Male) |
| 17:04 | Queue | Villager (Male) |
| 17:14 | Queue | Archer |
| 17:16 | Queue | Villager (Male) |
| 17:20 | Build | Farm |
| 17:22 | Build | House |
| 17:30 | Queue | Villager (Male) |
| 17:38 | Queue | Archer |
| 17:38 | Queue | Archer |
| 17:46 | Build | Farm |
| 17:46 | Queue | Villager (Male) |
| 17:57 | Build | House |
| 18:04 | Queue | Villager (Male) |
| 18:07 | Build | University |
| 18:11 | Queue | Villager (Male) |
| 18:21 | Build | Farm |
| 18:21 | Queue | Villager (Male) |
| 18:35 | Queue | Villager (Male) |
| 18:35 | Queue | Villager (Male) |
| 18:42 | Queue | Villager (Male) |
| 18:54 | Build | Town Center |
| 19:02 | Queue | Villager (Male) |
| 19:11 | Queue | Archer |
| 19:12 | Queue | Archer |
| 19:24 | Research | Bodkin Arrow |
| 19:24 | Research | Bodkin Arrow |
| 19:29 | Queue | Archer |
| 19:34 | Build | House |
| 19:34 | Queue | Villager (Male) |
| 19:37 | Build | Farm |
| 19:45 | Queue | Villager (Male) |
| 19:45 | Queue | Villager (Male) |
| 19:54 | Queue | Archer |
| 19:55 | Queue | Villager (Male) |
| 19:59 | Queue | Villager (Male) |
| 20:07 | Queue | Archer |
| 20:24 | Build | Palisade Wall |
| 20:26 | Queue | Archer |
| 20:27 | Queue | Archer |
| 20:30 | Queue | Villager (Male) |
| 20:32 | Build | House |
| 20:33 | Queue | Villager (Male) |
| 20:40 | Build | House |
| 20:42 | Queue | Villager (Male) |
| 21:01 | Queue | Villager (Male) |
| 21:06 | Research | Ballistics |
| 21:07 | Research | Ballistics |
| 21:08 | Queue | Archer |
| 21:11 | Queue | Villager (Male) |
| 21:15 | Queue | Villager (Male) |
| 21:24 | Build | Farm |
| 21:28 | Queue | Villager (Male) |
| 21:35 | Build | Lumber Camp |
| 21:37 | Queue | Villager (Male) |
| 21:40 | Build | House |
| 21:40 | Build | House |
| 21:47 | Queue | Archer |
| 21:49 | Queue | Villager (Male) |
| 21:51 | Build | Farm |
| 22:11 | Queue | Villager (Male) |
| 22:13 | Queue | Villager (Male) |
| 22:15 | Build | Farm |
| 22:15 | Build | Farm |
| 22:15 | Build | Farm |
| 22:15 | Build | Farm |
| 22:15 | Build | Farm |
| 22:20 | Queue | Archer |
| 22:20 | Queue | Archer |
Build order — 快樂 543
First 150 of 624 actions detected
| 0:02 | Build | House |
| 0:02 | Queue | Villager (Male) |
| 0:02 | Queue | Villager (Male) |
| 0:03 | Queue | Villager (Male) |
| 0:04 | Build | House |
| 0:32 | Queue | Villager (Male) |
| 0:32 | Queue | Villager (Male) |
| 1:36 | Queue | Villager (Male) |
| 1:36 | Queue | Villager (Male) |
| 2:00 | Queue | Villager (Male) |
| 2:21 | Queue | Villager (Male) |
| 2:39 | Build | Lumber Camp |
| 2:49 | Queue | Villager (Male) |
| 2:49 | Queue | Villager (Male) |
| 3:07 | Build | House |
| 3:08 | Build | House |
| 3:22 | Queue | Villager (Male) |
| 3:23 | Queue | Villager (Male) |
| 3:23 | Queue | Villager (Male) |
| 3:54 | Queue | Villager (Male) |
| 4:01 | Build | House |
| 4:39 | Queue | Villager (Male) |
| 4:39 | Queue | Villager (Male) |
| 5:12 | Build | Mining Camp |
| 5:15 | Queue | Villager (Male) |
| 5:16 | Queue | Villager (Male) |
| 5:16 | Queue | Villager (Male) |
| 6:09 | Queue | Villager (Male) |
| 6:10 | Queue | Villager (Male) |
| 6:10 | Queue | Villager (Male) |
| 6:22 | Build | Mill |
| 7:02 | Queue | Villager (Male) |
| 7:02 | Queue | Villager (Male) |
| 7:02 | Queue | Villager (Male) |
| 7:02 | Queue | Villager (Male) |
| 7:03 | Queue | Villager (Male) |
| 7:22 | Build | Mining Camp |
| 7:54 | Build | Farm |
| 8:06 | Build | Farm |
| 8:28 | Queue | Villager (Male) |
| 8:33 | Build | Farm |
| 9:02 | Build | Farm |
| 9:09 | Queue | Villager (Male) |
| 9:11 | Research | Feudal Age |
| 9:42 | Build | Farm |
| 11:49 | Age | Feudal Age |
| 11:50 | Research | Castle Age |
| 12:05 | Research | Double-Bit Axe |
| 12:14 | Build | House |
| 12:15 | Build | House |
| 12:24 | Research | Horse Collar |
| 13:36 | Research | Gold Mining |
| 14:25 | Queue | Villager (Male) |
| 14:25 | Queue | Villager (Male) |
| 14:30 | Age | Castle Age |
| 14:34 | Build | Town Center |
| 14:43 | Build | Town Center |
| 14:49 | Research | Bow Saw |
| 14:58 | Research | Heavy Plow |
| 15:01 | Queue | Villager (Male) |
| 15:01 | Queue | Villager (Male) |
| 15:01 | Queue | Villager (Male) |
| 15:21 | Build | Farm |
| 15:23 | Build | Farm |
| 15:24 | Build | Farm |
| 15:35 | Queue | Villager (Male) |
| 15:51 | Queue | Villager (Male) |
| 15:51 | Queue | Villager (Male) |
| 15:51 | Queue | Villager (Male) |
| 16:14 | Queue | Villager (Male) |
| 16:14 | Queue | Villager (Male) |
| 16:18 | Build | Farm |
| 16:19 | Queue | Villager (Male) |
| 16:25 | Build | Farm |
| 16:26 | Build | Farm |
| 16:27 | Build | Farm |
| 16:39 | Build | Farm |
| 16:42 | Queue | Villager (Male) |
| 16:43 | Queue | Villager (Male) |
| 16:47 | Queue | Villager (Male) |
| 16:47 | Queue | Villager (Male) |
| 16:47 | Queue | Villager (Male) |
| 16:55 | Queue | Villager (Male) |
| 17:06 | Build | House |
| 17:07 | Build | House |
| 17:12 | Build | Farm |
| 17:15 | Queue | Villager (Male) |
| 17:15 | Queue | Villager (Male) |
| 17:15 | Queue | Villager (Male) |
| 17:21 | Build | Lumber Camp |
| 17:26 | Queue | Villager (Male) |
| 17:26 | Queue | Villager (Male) |
| 17:41 | Queue | Villager (Male) |
| 18:00 | Queue | Villager (Male) |
| 18:00 | Queue | Villager (Male) |
| 18:00 | Queue | Villager (Male) |
| 18:03 | Build | Farm |
| 18:05 | Build | Farm |
| 18:09 | Build | Farm |
| 18:10 | Build | Farm |
| 18:11 | Build | Farm |
| 18:13 | Queue | Villager (Male) |
| 18:14 | Queue | Villager (Male) |
| 18:16 | Build | House |
| 18:17 | Build | House |
| 18:23 | Build | Farm |
| 18:24 | Queue | Villager (Male) |
| 18:29 | Build | Farm |
| 18:36 | Queue | Villager (Male) |
| 18:36 | Queue | Villager (Male) |
| 18:39 | Queue | Villager (Male) |
| 18:50 | Queue | Villager (Male) |
| 18:57 | Queue | Villager (Male) |
| 18:57 | Queue | Villager (Male) |
| 19:04 | Queue | Villager (Male) |
| 19:07 | Build | Farm |
| 19:09 | Queue | Villager (Male) |
| 19:10 | Queue | Villager (Male) |
| 19:25 | Build | House |
| 19:26 | Build | House |
| 19:32 | Research | Wheelbarrow |
| 19:35 | Research | Loom |
| 19:36 | Queue | Villager (Male) |
| 19:36 | Queue | Villager (Male) |
| 19:44 | Build | Town Center |
| 19:52 | Queue | Villager (Male) |
| 19:53 | Queue | Villager (Male) |
| 19:53 | Queue | Villager (Male) |
| 19:54 | Queue | Villager (Male) |
| 19:58 | Build | Farm |
| 20:05 | Build | Farm |
| 20:06 | Queue | Villager (Male) |
| 20:08 | Queue | Villager (Male) |
| 20:08 | Queue | Villager (Male) |
| 20:14 | Queue | Villager (Male) |
| 20:14 | Queue | Villager (Male) |
| 20:16 | Build | House |
| 20:21 | Queue | Villager (Male) |
| 20:21 | Queue | Villager (Male) |
| 20:28 | Research | Stone Mining |
| 20:40 | Build | Lumber Camp |
| 20:45 | Queue | Villager (Male) |
| 20:45 | Queue | Villager (Male) |
| 20:46 | Queue | Villager (Male) |
| 20:54 | Queue | Villager (Male) |
| 20:54 | Queue | Villager (Male) |
| 20:54 | Queue | Villager (Male) |
| 20:58 | Build | Farm |
| 21:09 | Build | House |
| 21:10 | Build | House |
Build order — 叶落
First 150 of 469 actions detected
| 0:00 | Queue | Villager (Male) |
| 0:00 | Queue | Villager (Male) |
| 0:00 | Queue | Villager (Male) |
| 0:01 | Queue | Villager (Male) |
| 0:02 | Build | House |
| 0:04 | Build | House |
| 0:40 | Queue | Villager (Male) |
| 0:40 | Queue | Villager (Male) |
| 1:33 | Queue | Villager (Male) |
| 1:33 | Queue | Villager (Male) |
| 2:05 | Build | Lumber Camp |
| 2:13 | Queue | Villager (Male) |
| 2:42 | Queue | Villager (Male) |
| 2:42 | Queue | Villager (Male) |
| 2:42 | Queue | Villager (Male) |
| 2:57 | Queue | Villager (Male) |
| 2:57 | Queue | Villager (Male) |
| 3:43 | Build | House |
| 3:51 | Queue | Villager (Male) |
| 3:51 | Queue | Villager (Male) |
| 3:51 | Queue | Villager (Male) |
| 4:03 | Build | House |
| 4:05 | Build | House |
| 4:21 | Queue | Villager (Male) |
| 4:21 | Queue | Villager (Male) |
| 4:39 | Queue | Villager (Male) |
| 5:28 | Queue | Villager (Male) |
| 5:28 | Queue | Villager (Male) |
| 5:35 | Build | Mill |
| 5:41 | Queue | Villager (Male) |
| 6:01 | Queue | Villager (Male) |
| 6:22 | Build | Farm |
| 6:23 | Build | Farm |
| 6:33 | Queue | Villager (Male) |
| 7:31 | Queue | Villager (Male) |
| 7:37 | Build | Farm |
| 7:47 | Research | Feudal Age |
| 8:33 | Queue | Villager (Male) |
| 8:34 | Queue | Villager (Male) |
| 10:00 | Age | Feudal Age |
| 10:03 | Build | Market |
| 10:04 | Build | Blacksmith |
| 10:37 | Build | House |
| 10:50 | Research | Castle Age |
| 11:03 | Build | Lumber Camp |
| 11:12 | Research | Double-Bit Axe |
| 11:26 | Build | House |
| 12:00 | Research | Horse Collar |
| 12:15 | Queue | Villager (Male) |
| 12:28 | Queue | Villager (Male) |
| 13:16 | Age | Castle Age |
| 13:18 | Build | Town Center |
| 13:20 | Build | Town Center |
| 13:40 | Build | Farm |
| 13:45 | Build | Farm |
| 13:48 | Build | Farm |
| 13:56 | Queue | Villager (Male) |
| 13:56 | Queue | Villager (Male) |
| 14:03 | Build | Farm |
| 14:24 | Build | Farm |
| 14:36 | Queue | Villager (Male) |
| 14:36 | Queue | Villager (Male) |
| 14:46 | Queue | Villager (Male) |
| 14:46 | Queue | Villager (Male) |
| 14:49 | Queue | Villager (Male) |
| 14:49 | Queue | Villager (Male) |
| 14:52 | Build | Farm |
| 14:57 | Build | Farm |
| 15:01 | Queue | Villager (Male) |
| 15:09 | Build | Farm |
| 15:12 | Queue | Villager (Male) |
| 15:18 | Build | Farm |
| 15:22 | Queue | Villager (Male) |
| 15:29 | Build | Farm |
| 15:37 | Queue | Villager (Male) |
| 15:44 | Build | Farm |
| 15:45 | Queue | Villager (Male) |
| 15:54 | Build | Farm |
| 15:59 | Queue | Villager (Male) |
| 16:06 | Build | House |
| 16:07 | Queue | Villager (Male) |
| 16:15 | Queue | Villager (Male) |
| 16:23 | Build | Farm |
| 16:25 | Queue | Villager (Male) |
| 16:28 | Build | Farm |
| 16:30 | Queue | Villager (Male) |
| 16:33 | Build | House |
| 16:41 | Queue | Villager (Male) |
| 16:49 | Build | Farm |
| 16:52 | Queue | Villager (Male) |
| 16:54 | Queue | Villager (Male) |
| 16:59 | Build | Farm |
| 17:04 | Build | Farm |
| 17:05 | Queue | Villager (Male) |
| 17:10 | Queue | Villager (Male) |
| 17:17 | Build | House |
| 17:18 | Queue | Villager (Male) |
| 17:24 | Queue | Villager (Male) |
| 17:35 | Queue | Villager (Male) |
| 17:39 | Queue | Villager (Male) |
| 17:44 | Build | House |
| 17:45 | Queue | Villager (Male) |
| 17:50 | Queue | Villager (Male) |
| 17:56 | Queue | Villager (Male) |
| 18:03 | Build | Town Center |
| 18:07 | Queue | Villager (Male) |
| 18:09 | Build | House |
| 18:12 | Queue | Villager (Male) |
| 18:21 | Queue | Villager (Male) |
| 18:31 | Queue | Villager (Male) |
| 18:34 | Queue | Villager (Male) |
| 18:44 | Queue | Villager (Male) |
| 18:48 | Build | House |
| 18:50 | Queue | Villager (Male) |
| 18:52 | Build | Farm |
| 18:54 | Build | Farm |
| 18:55 | Build | Farm |
| 18:56 | Build | Farm |
| 19:02 | Build | House |
| 19:03 | Build | House |
| 19:05 | Queue | Villager (Male) |
| 19:05 | Queue | Villager (Male) |
| 19:12 | Queue | Villager (Male) |
| 19:15 | Queue | Villager (Male) |
| 19:16 | Build | Farm |
| 19:17 | Build | Farm |
| 19:18 | Build | Farm |
| 19:19 | Build | Farm |
| 19:20 | Queue | Villager (Male) |
| 19:22 | Build | Farm |
| 19:24 | Build | Farm |
| 19:25 | Build | Farm |
| 19:25 | Queue | Villager (Male) |
| 19:29 | Queue | Villager (Male) |
| 19:30 | Queue | Villager (Male) |
| 19:35 | Queue | Villager (Male) |
| 19:44 | Build | House |
| 19:45 | Build | House |
| 19:48 | Build | House |
| 19:48 | Build | House |
| 19:50 | Build | House |
| 19:50 | Queue | Villager (Male) |
| 19:51 | Queue | Villager (Male) |
| 19:52 | Queue | Villager (Male) |
| 20:03 | Build | Farm |
| 20:04 | Build | Farm |
| 20:05 | Build | Farm |
| 20:06 | Build | Farm |
| 20:09 | Queue | Villager (Male) |
| 20:09 | Queue | Villager (Male) |
Build order — Itgetsdarker
First 150 of 412 actions detected
| 0:01 | Queue | Villager (Male) |
| 0:02 | Build | House |
| 0:04 | Queue | Villager (Male) |
| 0:05 | Build | House |
| 0:05 | Queue | Villager (Male) |
| 0:05 | Queue | Villager (Male) |
| 1:28 | Queue | Villager (Male) |
| 1:28 | Queue | Villager (Male) |
| 1:29 | Queue | Villager (Male) |
| 1:47 | Queue | Villager (Male) |
| 2:19 | Queue | Villager (Male) |
| 2:19 | Queue | Villager (Male) |
| 2:50 | Queue | Villager (Male) |
| 2:50 | Queue | Villager (Male) |
| 3:00 | Build | Lumber Camp |
| 3:01 | Queue | Villager (Male) |
| 3:42 | Queue | Villager (Male) |
| 3:42 | Queue | Villager (Male) |
| 3:42 | Queue | Villager (Male) |
| 3:43 | Queue | Villager (Male) |
| 3:43 | Queue | Villager (Male) |
| 3:50 | Queue | Villager (Male) |
| 3:50 | Queue | Villager (Male) |
| 3:52 | Build | House |
| 3:54 | Build | House |
| 4:47 | Queue | Villager (Male) |
| 4:47 | Queue | Villager (Male) |
| 5:34 | Build | Mill |
| 5:34 | Queue | Villager (Male) |
| 6:02 | Queue | Villager (Male) |
| 6:21 | Queue | Villager (Male) |
| 6:46 | Queue | Villager (Male) |
| 6:46 | Queue | Villager (Male) |
| 7:07 | Queue | Villager (Male) |
| 7:10 | Build | Mining Camp |
| 7:48 | Research | Feudal Age |
| 9:14 | Queue | Villager (Male) |
| 9:19 | Build | House |
| 9:20 | Build | House |
| 10:23 | Queue | Villager (Male) |
| 10:31 | Age | Feudal Age |
| 10:35 | Build | Market |
| 10:41 | Build | Blacksmith |
| 10:57 | Research | Loom |
| 11:00 | Build | Farm |
| 11:05 | Build | Farm |
| 11:30 | Research | Castle Age |
| 11:32 | Build | Farm |
| 11:37 | Build | Farm |
| 11:46 | Build | Farm |
| 12:46 | Research | Double-Bit Axe |
| 12:47 | Research | Horse Collar |
| 13:34 | Queue | Villager (Male) |
| 14:21 | Queue | Villager (Male) |
| 14:26 | Age | Castle Age |
| 14:29 | Build | Town Center |
| 14:34 | Build | Town Center |
| 14:55 | Queue | Villager (Male) |
| 14:56 | Queue | Villager (Male) |
| 15:02 | Build | Farm |
| 15:20 | Build | Farm |
| 15:21 | Queue | Villager (Male) |
| 15:22 | Queue | Villager (Male) |
| 15:54 | Queue | Villager (Male) |
| 15:54 | Queue | Villager (Male) |
| 16:03 | Queue | Villager (Male) |
| 16:04 | Queue | Villager (Male) |
| 16:05 | Queue | Villager (Male) |
| 16:05 | Queue | Villager (Male) |
| 16:06 | Queue | Villager (Male) |
| 16:06 | Queue | Villager (Male) |
| 16:06 | Queue | Villager (Male) |
| 16:12 | Build | Farm |
| 16:13 | Build | Farm |
| 16:14 | Build | Farm |
| 16:21 | Build | Farm |
| 16:37 | Build | Farm |
| 16:41 | Build | Farm |
| 16:49 | Build | Farm |
| 16:50 | Queue | Villager (Male) |
| 17:00 | Build | Farm |
| 17:04 | Queue | Villager (Male) |
| 17:20 | Build | Farm |
| 17:21 | Build | Farm |
| 17:25 | Queue | Villager (Male) |
| 17:26 | Queue | Villager (Male) |
| 17:29 | Queue | Villager (Male) |
| 17:39 | Build | Farm |
| 17:40 | Build | Farm |
| 17:44 | Queue | Villager (Male) |
| 17:49 | Queue | Villager (Male) |
| 17:50 | Queue | Villager (Male) |
| 17:55 | Build | House |
| 17:57 | Build | House |
| 17:59 | Build | House |
| 18:00 | Queue | Villager (Male) |
| 18:17 | Research | Town Watch |
| 18:22 | Queue | Villager (Male) |
| 18:29 | Build | Barracks |
| 18:34 | Queue | Villager (Male) |
| 18:38 | Queue | Villager (Male) |
| 18:44 | Build | Farm |
| 18:46 | Build | Farm |
| 18:48 | Queue | Villager (Male) |
| 18:50 | Queue | Villager (Male) |
| 19:04 | Build | Farm |
| 19:05 | Queue | Villager (Male) |
| 19:31 | Build | Siege Workshop |
| 19:33 | Queue | Villager (Male) |
| 19:33 | Queue | Villager (Male) |
| 19:34 | Queue | Villager (Male) |
| 19:44 | Queue | Villager (Male) |
| 19:50 | Queue | Villager (Male) |
| 19:50 | Queue | Villager (Male) |
| 19:51 | Queue | Villager (Male) |
| 19:54 | Build | Farm |
| 19:55 | Build | Farm |
| 19:56 | Build | Farm |
| 19:57 | Build | Farm |
| 19:59 | Build | Farm |
| 20:00 | Build | Farm |
| 20:01 | Queue | Villager (Male) |
| 20:01 | Queue | Villager (Male) |
| 20:02 | Queue | Villager (Male) |
| 20:02 | Queue | Villager (Male) |
| 20:26 | Queue | Villager (Male) |
| 20:26 | Queue | Villager (Male) |
| 20:27 | Queue | Villager (Male) |
| 20:27 | Queue | Villager (Male) |
| 20:31 | Build | House |
| 20:32 | Build | House |
| 20:37 | Build | House |
| 20:38 | Build | House |
| 20:39 | Build | House |
| 20:40 | Build | House |
| 20:41 | Build | House |
| 20:42 | Queue | Villager (Male) |
| 20:42 | Queue | Villager (Male) |
| 21:00 | Research | Squires |
| 21:05 | Queue | Villager (Male) |
| 21:06 | Queue | Villager (Male) |
| 21:18 | Build | Barracks |
| 21:25 | Research | Bow Saw |
| 21:26 | Research | Bow Saw |
| 21:26 | Research | Bow Saw |
| 21:30 | Queue | Villager (Male) |
| 21:39 | Build | Farm |
| 21:39 | Build | Farm |
| 21:39 | Build | Farm |
| 21:40 | Build | Farm |
Match timeline
| 10:00 | 叶落 · age_up feudal |
| 10:06 | Rookie · age_up feudal |
| 10:07 | 寡言悲观戏谑 · first_building Barracks |
| 10:31 | Itgetsdarker · age_up feudal |
| 10:32 | 店小贰 · age_up feudal |
| 10:56 | Wuyen · age_up feudal |
| 10:57 | 寡言悲观戏谑 · age_up feudal |
| 11:03 | 寡言悲观戏谑 · first_building Archery Range |
| 11:22 | 快樂987 · age_up feudal |
| 11:49 | 快樂 543 · age_up feudal |
| 13:16 | 叶落 · age_up castle |
| 14:02 | 店小贰 · age_up castle |
| 14:10 | 店小贰 · first_building Monastery |
| 14:13 | 店小贰 · first_market_buy 100 wood |
| 14:26 | Rookie · age_up castle |
| 14:26 | Itgetsdarker · age_up castle |
| 14:26 | Wuyen · age_up castle |
| 14:27 | 寡言悲观戏谑 · age_up castle |
| 14:30 | 快樂 543 · age_up castle |
| 14:37 | Wuyen · first_building Castle |
| 15:08 | 快樂987 · age_up castle |
| 15:52 | 寡言悲观戏谑 · wall_segment Palisade Wall x1 |
| 16:26 | 快樂987 · first_market_buy 100 food |
| 17:07 | Rookie · first_market_buy 100 food |
| 18:29 | Itgetsdarker · first_building Barracks |
| 18:46 | Wuyen · first_building Siege Workshop |
| 19:13 | 快樂987 · first_building Castle |
| 19:31 | Itgetsdarker · first_building Siege Workshop |
| 19:50 | 快樂987 · first_market_sell 100 wood |
| 20:24 | 寡言悲观戏谑 · wall_segment Palisade Wall x1 |
| 20:34 | 快樂987 · first_building Monastery |
| 21:06 | Wuyen · first_building Barracks |
| 22:59 | 店小贰 · first_market_sell 100 food |
| 23:08 | Rookie · first_building Siege Workshop |
| 23:33 | Wuyen · first_building Stable |
| 23:47 | 叶落 · first_building Monastery |
| 24:13 | 店小贰 · wall_segment Stone Wall x1 |
| 24:30 | Itgetsdarker · first_building Monastery |
| 24:31 | 店小贰 · first_building Barracks |
| 24:35 | 叶落 · first_building Barracks |
| 25:00 | Rookie · first_building Monastery |
| 25:03 | 店小贰 · first_building Archery Range |
| 25:03 | 快樂 543 · first_building Stable |
| 25:20 | 店小贰 · first_building Castle |
| 25:50 | 快樂 543 · first_building Barracks |
| 25:53 | 叶落 · first_building Stable |
| 26:14 | 寡言悲观戏谑 · first_building Siege Workshop |
| 26:17 | 寡言悲观戏谑 · wall_segment Stone Wall x1 |
| 26:24 | 店小贰 · first_building Siege Workshop |
| 26:24 | Wuyen · first_building Monastery |
| 26:51 | 店小贰 · age_up imperial |
| 26:54 | 寡言悲观戏谑 · wall_segment Stone Wall x2 |
| 26:55 | 寡言悲观戏谑 · wall_segment Stone Wall x2 |
| 26:58 | Rookie · first_market_sell 100 wood |
| 27:02 | 快樂 543 · first_building Castle |
| 27:34 | 叶落 · age_up imperial |
| 27:39 | 快樂987 · first_building Barracks |
| 28:08 | 快樂 543 · age_up imperial |
| 28:27 | 快樂987 · first_building Stable |
| 29:35 | 快樂987 · age_up imperial |
| 29:42 | Rookie · first_building Castle |
| 29:46 | Wuyen · first_building Archery Range |
| 30:09 | Rookie · age_up imperial |
| 30:13 | 店小贰 · first_building Stable |
| 30:26 | Itgetsdarker · first_market_sell 500 food |
| 31:19 | Itgetsdarker · first_building Castle |
| 31:34 | 寡言悲观戏谑 · first_market_buy 100 stone |
| 32:03 | 快樂 543 · tribute_sent a jugador 1 |
| 32:03 | 快樂 543 · tribute_sent a jugador 2 |
| 32:03 | 快樂 543 · tribute_sent a jugador 3 |
| 32:03 | 快樂 543 · tribute_sent a jugador 4 |
| 32:03 | 快樂 543 · tribute_sent a jugador 5 |
| 32:03 | 快樂 543 · tribute_sent a jugador 7 |
| 32:03 | 快樂 543 · tribute_sent a jugador 8 |
| 32:37 | 叶落 · first_market_sell 100 food |
| 33:04 | 叶落 · first_building Castle |
| 33:58 | Itgetsdarker · age_up imperial |
| 34:52 | Itgetsdarker · first_building Stable |
| 35:15 | Rookie · tribute_sent a jugador 1 |
| 35:15 | Rookie · tribute_sent a jugador 2 |
| 35:15 | Rookie · tribute_sent a jugador 4 |
| 35:15 | Rookie · tribute_sent a jugador 5 |
| 35:15 | Rookie · tribute_sent a jugador 6 |
| 35:15 | Rookie · tribute_sent a jugador 7 |
| 35:15 | Rookie · tribute_sent a jugador 8 |
| 35:54 | Wuyen · age_up imperial |
| 35:57 | 快樂987 · wall_segment Stone Wall x1 |
| 36:38 | Itgetsdarker · tribute_sent a jugador 1 |
| 36:38 | Itgetsdarker · tribute_sent a jugador 2 |
| 36:38 | Itgetsdarker · tribute_sent a jugador 3 |
| 36:38 | Itgetsdarker · tribute_sent a jugador 4 |
| 36:38 | Itgetsdarker · tribute_sent a jugador 5 |
| 36:38 | Itgetsdarker · tribute_sent a jugador 6 |
| 36:38 | Itgetsdarker · tribute_sent a jugador 7 |
| 36:42 | 快樂 543 · first_building Siege Workshop |
| 38:39 | 寡言悲观戏谑 · age_up imperial |
| 38:54 | 寡言悲观戏谑 · first_market_sell 100 food |
| 39:36 | Wuyen · first_market_sell 100 food |
| 41:23 | Rookie · first_building Barracks |
| 42:02 | 寡言悲观戏谑 · first_building Stable |
| 42:29 | 叶落 · first_market_buy 100 stone |
| 43:41 | 快樂987 · resign |
[ AI ANALYSIS · 1 CREDIT ]
What really happened in this match?
Wolo.gg analyzes every decision: build order, eco, micro, common mistakes by bracket. Personalized analysis on WhatsApp or Discord in 30 seconds.
Civ guide
Mongols
Perfil
Rookie